 Dungeon Crawl Stone Soup version 0.28-a0-2-g643f2454ad (webtiles) character file.

Game seed: 9512748074200852261

1 PentaManta the Ducker (level 1, -3/9 (11) HPs)
             Began as a Spriggan Monk on July 22, 2021.
             Slain by a kobold (4 damage)
             ... on level 1 of the Dungeon.
             The game lasted 00:00:38 (172 turns).

PentaManta the Ducker (Spriggan Monk)                Turns: 172, Time: 00:00:38

HP:   -3/9 (11)     AC:  2    Str:  7    XL:     1   Next: 16%
MP:   2/2           EV: 18    Int: 11    God:
Gold: 17            SH:  0    Dex: 17    Spells: 0/0 levels left

rFire   . . .      SeeInvis +   a - +0 short sword
rCold   . . .      Faith    .   (shield restricted)
rNeg    . . .      Spirit   .   b - +0 robe
rPois   .          Reflect  .   (helmet restricted)
rElec   .          Harm     .   (no cloak)
rCorr   .          Rampage  .   (gloves unavailable)
Will    .....                   (boots unavailable)
Stlth   ++........              (no amulet)
HPRegen 0.03/turn               (no ring)
MPRegen 0.08/turn               (no ring)

@: heavily drained, very quick
A: very small, no large weapons, unfitting armour, see invisible, speed 3
a: no special abilities


You were on level 1 of the Dungeon.
You visited 1 branch of the dungeon, and saw 1 of its levels.

You collected 17 gold pieces.

Inventory:

Hand Weapons
 a - a +0 short sword (weapon)
Armour
 b - a +0 robe (worn)
Scrolls
 c - a scroll of blinking {unknown}


   Skills:
 - Level 2.4 Fighting
 + Level 3.3 Short Blades
 * Level 4.0 Dodging
 * Level 3.1 Stealth


You couldn't memorise any spells.
You didn't know any spells.
Your spell library was empty.

Dungeon Overview and Level Annotations

Branches:
Dungeon (1/15)

Altars:


Innate Abilities, Weirdness & Mutations

You are very small and have problems with some larger weapons.
You are too small for most types of armour.
You have supernaturally acute eyesight. (SInv)
You cover ground extremely quickly. (Speed+++)


Message History

c - a scroll labelled OKAYNT INLEECW A ball python comes into view.
Found a ring mail.
Found a scroll labelled OKAYNT INLEECW.
Found 17 gold pieces.
A kobold comes into view. It is wielding a +2 dagger of draining.
The kobold shouts!
You see here 17 gold pieces.
You now have 17 gold pieces.
The kobold throws a stone.
The stone barely misses you.
The kobold throws a stone.
The stone closely misses you.
There is a staircase leading out of the dungeon here.
You start resting.
A goblin is nearby!
The goblin barely misses you.
You hit the goblin.
The goblin is moderately wounded.
The goblin hits you but does no damage.
You hit the goblin.
You kill the goblin!
You see here a +0 club.
You start resting.
A kobold is nearby!
The kobold shouts!
The kobold throws a stone.
The stone barely misses you.
You see here a +0 club.
You barely miss the kobold. You closely miss the kobold.
The kobold hits you with a +2 dagger of draining.
You feel drained.
* * * LOW HITPOINT WARNING * * *
You hit the kobold.
The kobold is severely wounded.
The kobold hits you with a +2 dagger of draining.
* * * LOW HITPOINT WARNING * * *
You feel drained.
You hit the kobold but do no damage.
The kobold is severely wounded.
The kobold hits you with a +2 dagger of draining.
You die...

>.....?...#..#.......g.g.........
..........##.###############K....
..........##.....####............
..........##........###.♣♣.......
#.#.########......#...#.♣♣.....#.
..#. #......#.<.#.......... ?
#...♣♣.#...#......#..#
#...♣♣.###........##.#
#...K@.).####.....# .# ##########
#####.# .. ..# #.# ..


You could see a kobold.

Vanquished Creatures
  A goblin (D:1)
1 creature vanquished.

Notes
Turn   | Place    | Note
-------+----------+-------------------------------------------
     0 | D:1      | PentaManta the Spriggan Monk began the quest for the Orb.
     0 | D:1      | Reached XP level 1. HP: 11/11 MP: 2/2
   172 | D:1      | Slain by a kobold

Illustrated notes

Levels and vault maps discovered:
D:1:      amcnicky_arrival_double_pillar, layout_rooms, serial_shops, shop,
          palyth_stone_intersect, minmay_misc_feat_tiny

Action                   || total
-------------------------++-------
Melee: Short sword       ||    15
Armor: Robe              ||     3
Dodge: Dodged            ||    14

Table legend: (Time is in decaauts)
 A = Elapsed time spent in this place.
 B = Non-inter-level travel time spent in this place.
 C = Inter-level travel time spent in this place.
 D = Time resting spent in this place.
 E = Time spent auto-exploring this place.
 F = Levels seen in this place.
 G = Mean time per level.
                   A        B        C        D        E       F      G
               +--------+--------+--------+--------+--------+-----+--------+
         Total |    143 |    143 |      0 |     85 |      6 |   1 |  143.0 |
       Dungeon |    143 |    143 |      0 |     85 |      6 |   1 |  143.0 |
               +--------+--------+--------+--------+--------+-----+--------+

Top non-repeatable levels by time:
     D:1: 143 daAuts
